 Dungeon Crawl Stone Soup version 0.26.1-2-gb8aa6d0cf2 (webtiles) character file.

Game seed: 8537471747970042421

430 promet the Magician (level 6, -1/32 HPs)
             Began as a Deep Elf Venom Mage on Mar 5, 2021.
             Was an Initiate of Vehumet.
             Slain by an orc wizard
             ... wielding a +0 dagger
              (2 damage)
             ... on level 4 of the Dungeon.
             The game lasted 00:29:38 (4669 turns).

promet the Magician (Deep Elf Venom Mage)           Turns: 4669, Time: 00:29:41

Health: -1/32      AC:  4    Str:  7    XL:     6   Next: 66%
Magic:  15/17      EV: 14    Int: 20    God:    Vehumet [......]
Gold:   277        SH:  0    Dex: 15    Spells: 14/17 levels left

rFire    . . .     SeeInvis .   s - +0 great sword
rCold    . . .     Faith    .   (shield currently unavailable)
rNeg     . . .     Spirit   .   e - +0 robe
rPois    .         Reflect  .   (no helmet)
rElec    .         Harm     .   j - +0 cloak
rCorr    .         Rampage  .   (no gloves)
Will     .....                  f - +0 pair of boots
Stlth    ++........             (no amulet)
HPRegen  0.10/turn              (no ring)
MPRegen  0.15/turn              (no ring)

@: about to teleport
A: no striking features
a: Renounce Religion


You were on level 4 of the Dungeon.
You worshipped Vehumet.
Vehumet was noncommittal.
You visited 2 branches of the dungeon, and saw 5 of its levels.

You collected 277 gold pieces.

Inventory:

Hand Weapons
 a - a -1 rapier
 g - a +0 dagger
 n - a +1 short sword
 o - a +3 dagger
 s - a +0 great sword (weapon)
Missiles
 b - 94 stones
 d - 62 bolts
 m - 67 arrows
Armour
 e - a +0 robe (worn)
 f - a +0 pair of boots (worn)
 j - a +0 cloak (worn)
Magical Staves
 l - an uncursed staff of death
Wands
 i - a wand of random effects (9)
 k - a wand of polymorph (10)
Scrolls
 t - 3 scrolls of identify
 u - a scroll of fog
Potions
 c - 3 potions of flight
 p - 2 potions of invisibility
 q - a potion of heal wounds
 r - a potion of might {unknown}


   Skills:
 + Level 0.2 Fighting
 + Level 1.1 Short Blades
 + Level 0.1 Staves
 + Level 3.5 Dodging
 + Level 3.1 Stealth
 * Level 6.2 Spellcasting
 + Level 1.6 Transmutations
 + Level 2.1 Air Magic
 + Level 4.2 Poison Magic
 * Level 2.4 Evocations


You had 14 spell levels left.
You knew the following spells:

 Your Spells              Type           Power        Failure   Level
a - Sting                 Tmut/Pois      72%          3%          1
b - Poisonous Vapours     Pois/Air       38%          4%          2

Your spell library contained the following spells:

 Spells                   Type           Power        Failure   Level
 Mephitic Cloud           Conj/Pois/Air  14%          13%         3
 Ignite Poison            Fire/Tmut/Pois 14%          14%         3
 Olgreb's Toxic Radiance  Pois           23%          19%         4


Dungeon Overview and Level Annotations

Branches:
Dungeon (4/15)             Temple (1/1) D:4

Altars:
Ashenzari
Fedhas
Makhleb
Ru
Sif Muna
Vehumet
Xom

Shops:
D:4 (


Message History

The magic dart hits you! The orc hits you with a +0 morningstar.
* * * LOW HITPOINT WARNING * * *
Casting: Poisonous Vapours (safe; 4% risk of failure)
Confirm with . or Enter, or press ? or * to list all spells.
Okay, then.
As you read the scroll of teleportation, it crumbles to dust.
You feel strangely unstable. The orc priest barely misses you.
The orc closely misses you.
You hear some strange, mumbled words.
A puff of flame appears from out of thin air!
The puff of flame hits you.
* * * LOW HITPOINT WARNING * * *
You slash the orc priest!
You kill the orc priest!
Vehumet accepts your kill. The orc misses you.
You riposte.
You hit the orc but do no damage. Something hits you.
* * * LOW HITPOINT WARNING * * *
The orc barely misses you. x2; Something hits you.
You die...

######..........######....###....
..##.#...........##..##..........
.................................
#..##..........####.............#
#..##..........####......#....##.
.......#............#....#.......
....................#....#.......
..)...#.#......o....###.##.......
......#.###....{@....#####.......
.........##.#..o)....# #.......
.......##...#........#
#.##....#............#
..##.................#
..###................#
...<>o##...............
.....###'###.........#.
.....#.....# ...


You could see 2 orcs.

Vanquished Creatures
  An ogre (D:4)
  A scorpion (D:4)
  An orc priest (D:4)
  Jessica (D:2)
  Natasha (thrice) (D:3)
  2 worker ants (D:4)
  7 adders
  An ooze (D:3)
  2 worms
  4 leopard geckos
  12 orcs
  A ball python (D:2)
  2 giant cockroaches
  7 goblins
  7 hobgoblins
  9 kobolds
  5 bats
  2 frilled lizards
  3 rats
71 creatures vanquished.

Vanquished Creatures (others)
  2 plants (D:3)
2 creatures vanquished.

Grand Total: 73 creatures vanquished

Notes
Turn   | Place    | Note
-------+----------+-------------------------------------------
     0 | D:1      | promet the Deep Elf Venom Mage began the quest for the Orb.
     0 | D:1      | Reached XP level 1. HP: 10/10 MP: 6/6
   750 | D:1      | Reached XP level 2. HP: 15/15 MP: 6/8
  1051 | D:2      | Found a blossoming altar of Fedhas.
  1115 | D:2      | Learned a level 2 spell: Poisonous Vapours
  1197 | D:2      | Reached skill level 4 in Spellcasting
  1291 | D:2      | Reached XP level 3. HP: 19/19 MP: 8/10
  1320 | D:2      | Found a shimmering altar of Xom.
  1464 | D:2      | Noticed Jessica
  1467 | D:2      | Killed Jessica
  1561 | D:2      | Reached XP level 4. HP: 24/24 MP: 8/12
  1726 | D:2      | Reached skill level 1 in Evocations
  2100 | D:3      | Found a sacrificial altar of Ru.
  2428 | D:3      | Noticed Natasha
  2435 | D:3      | Killed Natasha
  2477 | D:3      | Reached XP level 5. HP: 26/28 MP: 11/14
  2670 | D:3      | Noticed Natasha
  2680 | D:3      | Killed Natasha
  2681 | D:3      | Reached skill level 5 in Spellcasting
  2864 | D:3      | Noticed Natasha
  2868 | D:3      | Killed Natasha
  3003 | D:3      | Reached skill level 1 in Short Blades
  3304 | D:4      | Noticed an ogre
  3304 | D:4      | Noticed an ogre
  3364 | D:4      | Found Qoallis's Antique Weapon Boutique.
  3387 | D:4      | Reached skill level 1 in Air Magic
  3431 | D:3      | Reached XP level 6. HP: 25/32 MP: 1/16
  3712 | D:4      | Reached skill level 6 in Spellcasting
  3982 | D:4      | Found a staircase to the Ecumenical Temple.
  3992 | Temple   | Entered the Ecumenical Temple
  4009 | Temple   | Became a worshipper of Vehumet
  4669 | D:4      | HP: 1/32 [something (3)]
  4669 | D:4      | Slain by an orc wizard

Illustrated notes

Levels and vault maps discovered:
D:1:      ncdulo_watergridlock, layout_basic, hangedman_abyss_or_decor_stabs,
          minmay_misc_feat_encased, serial_bayou_crossing
D:2:      layout_rooms, fedhas_altar_4, lemuel_round_altar, uniq_jessica
D:3:      corexii_shack_village, layout_rooms, lemuel_crystal_altar,
          uniq_natasha
D:4:      layout_cave_pools, minmay_temple_entry_hall, serial_shops, shop,
          kennysheep_generic_room_8
Temple:   dpeg_three_leaves_temple

Skill      XL: |  1  2  3  4  5  6 |
---------------+-------------------+-----
Spellcasting   | 4 5 6 |  6.2
Stealth        | 3 |  3.1
Evocations     | 1 2 |  2.4
Dodging        | 3 |  3.5
Poison Magic   | 4 |  4.2
Short Blades   | 1 |  1.1
Air Magic      | 1 2 |  2.1
Fighting       | |  0.2
Staves         | |  0.1
Transmutations | |  1.6

Action                   |  1- 3 |  4- 6 || total
-------------------------+-------+-------++-------
Melee: Short sword       |    14 |     1 ||    15
       Staff             |    10 |    33 ||    43
       Rapier            |       |    54 ||    54
       Great sword       |       |     6 ||     6
 Cast: Sting             |    19 |    13 ||    32
       Poisonous Vapours |     7 |    72 ||    79
  Use: Scroll            |     8 |     7 ||    15
       Potion            |       |     4 ||     4
 Stab: Sleeping          |     1 |     2 ||     3
Armor: Robe              |     2 |    43 ||    45
       Skin              |       |    11 ||    11
Dodge: Dodged            |    25 |   106 ||   131
       Rpst.: Great sword |       |     2 ||     2
